 Dungeon Crawl Stone Soup version 0.30.1-11-g7821555f0a (webtiles) character file.

Game seed: 12414416824910895921

213 Danienth the Conjurer (level 5, -8/30 HPs)
             Began as a Deep Elf Air Elementalist on Oct 29, 2023.
             Was a Follower of Sif Muna.
             Mangled by Blork the orc
             ... wielding a +0 dire flail
              (13 damage)
             ... on level 4 of the Dungeon on Nov 2, 2023.
             The game lasted 00:14:53 (3082 turns).

Danienth the Conjurer (Deep Elf Air Elementalist)   Turns: 3082, Time: 00:14:54

Health: -8/30      AC:  3    Str:  5    XL:     5   Next: 59%
Magic:  2/12       EV: 14    Int: 26    God:    Sif Muna [*.....]
Gold:   237        SH:  5    Dex: 17    Spells: 3/10 levels left

rFire   . . .        (no weapon)
rCold   . . .        (no shield)
rNeg    . . .        a - +0 robe
rPois   .            (no helmet)
rElec   .            o - +0 cloak
rCorr   .            (no gloves)
SInv    .            (no boots)
Will    .....        l - amulet of reflection
Stlth   +            g - +6 ring of intelligence
HPRegen 0.25/turn    (no ring)
MPRegen 0.13/turn

%: reflection
@: silenced
A: no striking features
a: Renounce Religion


You were on level 4 of the Dungeon.
You worshipped Sif Muna.
Sif Muna was aware of your devotion.
You visited 1 branch of the dungeon, and saw 4 of its levels.

You collected 237 gold pieces.

Inventory:

Armour
 a - a +0 robe (worn)
 b - a scarf of resistance
 o - a +0 cloak (worn)
Jewellery
 g - a +6 ring of intelligence (left hand)
 l - an amulet of reflection (around neck)
 r - a ring of flight
 u - a ring of resist corrosion
Scrolls
 f - 5 scrolls of poison {unknown}
 h - a scroll of blinking {unknown}
 k - a scroll of identify {unknown}
 n - a scroll of enchant weapon {unknown}
 p - a scroll of fog {unknown}
 s - a scroll of teleportation {unknown}
Potions
 c - 2 potions of brilliance {unknown}
 d - a potion of haste {unknown}
 e - a potion of lignification {unknown}
 i - 2 potions of heal wounds {unknown}
 j - a potion of might {unknown}
 m - 3 potions of curing {unknown}
 q - a potion of mutation {unknown}


   Skills:
 + Level 1.9 Fighting
 + Level 4.1 Dodging
 - Level 2.4 Stealth
 * Level 3.4 Spellcasting
 * Level 4.2 Conjurations
 - Level 3.0 Air Magic


You had 3 spell levels left.
You knew the following spells:

 Your Spells              Type           Power      Damage    Failure   Level
a - Shock                 Conj/Air       92%        1d8       1%          1
b - Static Discharge      Conj/Air       46%        2-4/arc   3%          2
c - Swiftness             Air            20%        N/A       8%          3
d - Slow                  Hex            16%        N/A       9%          1

Your spell library contained the following spells:

 Spells                   Type           Power      Damage    Failure   Level
 Confusing Touch          Hex            4%         N/A       26%         3
 Vampiric Draining        Necr           4%         2d6       26%         3
 Airstrike                Air            10%        2d(2-18)  26%         4


Dungeon Overview and Level Annotations

Branches:
Dungeon (4/15)
 Temple: D:4-7

Altars:
Dithmenos
Sif Muna

Shops:
D:2 =   D:3 ?

Annotations:
D:3 3 runed translucent doors, NitroDragon903's ghost, amateur SpEn; ShellytheWitch's ghost, amateur KoBr; pkoi's ghost, amateur DrMo; rundlesten's ghost, amateur OpHW
D:4 Blork the orc


Message History

You hear some strange, mumbled words.
A puff of flame appears from out of thin air!
The puff of flame hits you.
Blork the orc points at you and mumbles some strange words.
The puff of frost hits something!
Reactivating autopickup.
You feel a bit more experienced.
The orc wizard shouts!
Casting: Shock (safe; 1% risk of failure)
Confirm with . or Enter, or press ? or * to list all spells.
Aiming: Shock (safe; 1% risk of failure)
Press: ? - help, Shift-Dir - straight line, f - orc wizard
Aim: an orc wizard, wielding a +4 dagger and wearing a +0 robe (67% to hit)
The zap hits the orc wizard.
The orc wizard is heavily wounded.
The zap hits the orc.
The orc is almost dead.
As you read the scroll labelled OSOC UGAQAO, it crumbles to dust.
A profound silence engulfs you.
It was a scroll of silence.
Blork the orc casts a spell.
Blork the orc seems to speed up.
You block the hound's attack. The hound closely misses you.
The hound attacks as you move away! You block the hound's attack.
The hound attacks as you move away! The hound barely misses you.
The hound misses you. The hound closely misses you.
The hound attacks as you move away! The hound misses you. The hound bites you.
Blork the orc attacks as you move away! Blork the orc closely misses you.
Blork the orc attacks as you move away!
Blork the orc hits you with a +0 dire flail!
* * * LOW HITPOINT WARNING * * *
The orc wizard gestures wildly while chanting.
The orc wizard flickers and vanishes!
Deactivating autopickup; reactivate with Ctrl-A.
Blork the orc barely misses you. Blork the orc attacks as you move away!
Blork the orc hits you with a +0 dire flail!
You die...

#.#####.....# #.#.
#.#...#.....########.#
#...#........{o..o..#.
##.#.........#######.##
##..[#.#......# #.#
#.#.......##### #.#
#...###h## #.#
##.####.# ... #<...@o#
#.. #.###### #.. #.#
#... #.# #.# 8.# ..#
..8


You could see Blork the orc (fast) and a hound.

Vanquished Creatures
  An orc priest (D:4)
  An orc wizard (D:3)
  An iguana (D:3)
  5 adders
  A dart slug (D:2)
  7 orcs
  5 ball pythons
  7 bats
  9 endoplasms
  2 giant cockroaches
  5 goblins
  2 hobgoblins
  4 jackals (D:2)
  5 quokkas
  A frilled lizard (D:3)
  5 kobolds
  3 rats (D:3)
64 creatures vanquished.

Vanquished Creatures (others)
  An orc wizard (D:4)
1 creature vanquished.

Grand Total: 65 creatures vanquished

Notes
Turn   | Place    | Note
-------+----------+-------------------------------------------
     0 | D:1      | Danienth the Deep Elf Air Elementalist began the quest for
                  | the Orb.
     0 | D:1      | Reached XP level 1. HP: 10/10 MP: 6/6
   270 | D:1      | Reached XP level 2. HP: 16/16 MP: 5/8
   765 | D:2      | Found Ykkimn's Jewellery Shoppe.
   935 | D:2      | Reached skill level 1 in Fighting
   935 | D:2      | Reached XP level 3. HP: 20/20 MP: 4/9
  1156 | D:2      | Found a shimmering blue altar of Sif Muna.
  1164 | D:2      | Became a worshipper of Sif Muna the Loreminder
  1524 | D:2      | Reached XP level 4. HP: 22/25 MP: 7/10
  1977 | D:3      | Found a faded altar of an unknown god.
  2047 | D:3      | Found a shadowy altar of Dithmenos.
  2179 | D:3      | Found a runed translucent gate.
  2179 | D:3      | Found a runed translucent gate.
  2190 | D:3      | Found a runed translucent gate.
  2190 | D:3      | Noticed pkoi's ghost (amateur DrMo)
  2190 | D:3      | Noticed NitroDragon903's ghost (amateur SpEn)
  2191 | D:3      | Noticed ShellytheWitch's ghost (amateur KoBr)
  2192 | D:3      | Noticed rundlesten's ghost (amateur OpHW)
  2214 | D:3      | Found Darch's Magic Scroll Shop.
  2312 | D:3      | Reached * piety under Sif Muna
  2482 | D:3      | Reached XP level 5. HP: 30/30 MP: 2/11
  2980 | D:4      | Learned a level 2 spell: Static Discharge
  2984 | D:4      | Learned a level 3 spell: Swiftness
  2986 | D:4      | Learned a level 1 spell: Slow
  3057 | D:4      | Noticed Blork the orc
  3082 | D:4      | Mangled by Blork the orc

Illustrated notes

Levels and vault maps discovered:
D:1:      matt_arrival_debris, layout_basic
D:2:      layout_basic, basic_altar, serial_shops, shop
D:3:      layout_basic, nicolae_dithmenos_shadow_blocks,
          shapermc_ecumenical_altar_mp_ritualfount, serial_shops, shop,
          gammafunk_ghost_cemetery, hex_tiny, st_stairs_4,
          lightli_corner_chamber
D:4:      layout_loops_cross, minmay_temple_entry_glassed_door, serial_shops,
          nicolae_stop_n_shop_1, uniq_natasha, uniq_blork_the_orc

Skill      XL: |  1  2  3  4  5 |
---------------+----------------+-----
Conjurations   | 2 3 4 |  4.2
Dodging        | 3 4 |  4.1
Fighting       | 1 |  1.9
Stealth        | |  2.4
Spellcasting   | |  3.4
Air Magic      | |  3.0

Action                     |  1- 3 |  4- 6 || total
---------------------------+-------+-------++-------
  Melee: Unarmed           |       |    13 ||    13
         Punch             |       |     1 ||     1
   Cast: Shock             |    66 |    65 ||   131
    Use: Potion            |     1 |       ||     1
         Scroll            |       |     1 ||     1
 Armour: Robe              |     2 |     2 ||     4
  Dodge: Dodged            |     4 |    11 ||    15
  Block: Other             |     1 |     3 ||     4
